 Seeded DCSS version 0.29.1-1-gd02db6906a (webtiles) character file.

Game seed: 7339899519574105553 (custom seed)

4 mathmaestro the Grave Robber (level 1, 0/13 HPs)
             Began as a Demonspawn Necromancer on Sept 19, 2022.
             Slain by a ball python (1 damage)
             ... on level 1 of the Dungeon.
             The game lasted 00:01:13 (202 turns).

mathmaestro the Grave Robber (DsNe)                  Turns: 202, Time: 00:01:13

Health: 0/13       AC:  2    Str:  8    XL:     1   Next: 58%
Magic:  0/3        EV: 12    Int: 16    God:
Gold:   10         SH:  0    Dex: 13    Spells: 3/4 levels left

rFire   . . .      SeeInvis .   e - +0 club
rCold   . . .      Faith    .   (no shield)
rNeg    . . .      Spirit   .   a - +0 robe
rPois   .          Reflect  .   (no helmet)
rElec   .          Harm     .   d - scarf {shadows}
rCorr   .          Rampage  .   (no gloves)
Will    .....                   (no boots)
Stlth   ++........              (no amulet)
HPRegen 0.04/turn               (no ring)
MPRegen 0.08/turn               (no ring)

@: no status effects
A: no striking features
a: no special abilities


You were on level 1 of the Dungeon.
You visited 1 branch of the dungeon, and saw 1 of its levels.

You collected 10 gold pieces.

Inventory:

Hand Weapons
 e - a +0 club (weapon)
Armour
 a - a +0 robe (worn)
 d - a scarf of shadows (worn)
Potions
 b - a potion of magic
 c - a potion of curing {unknown}


   Skills:
 + Level 0.2 Fighting
 + Level 1.8 Dodging
 + Level 1.9 Stealth
 + Level 2.0 Spellcasting
 + Level 4.4 Necromancy


You had 3 spell levels left.
You knew the following spells:

 Your Spells              Type           Power      Damage    Failure   Level
a - Necrotise             Necr           60%        1d7       3%          1

Your spell library contained the following spells:

 Spells                   Type           Power      Damage    Failure   Level
 Vampiric Draining        Necr           15%        2d7       10%         3
 Animate Dead             Necr           15%        N/A       32%         4
 Agony                    Necr           15%        N/A       67%         5


Dungeon Overview and Level Annotations

Branches:
Dungeon (1/15)

Altars:


Message History

Your ball python skeleton barely misses the hobgoblin.
Your ball python skeleton grabs the hobgoblin.
Your ball python skeleton constricts the hobgoblin.
You barely miss the ball python.
The hobgoblin struggles to escape constriction.
The ball python completely misses you. The ball python grabs you.
The ball python constricts you.
Your ball python skeleton bites the hobgoblin.
Your ball python skeleton constricts the hobgoblin.
Your kobold skeleton hits the hobgoblin but does no damage.
The ball python's grasp on you weakens, but your attempt to escape fails.
The ball python closely misses you. The ball python constricts you.
The hobgoblin hits your kobold skeleton.
Your ball python skeleton bites the hobgoblin but does no damage.
Your ball python skeleton constricts the hobgoblin.
Your kobold skeleton hits the hobgoblin but does no damage.
The ball python barely misses you. The ball python constricts you.
You escape the ball python's grasp.
The hobgoblin hits your ball python skeleton.
Your ball python skeleton barely misses the hobgoblin.
Your ball python skeleton constricts the hobgoblin.
Unknown command.
Casting: Necrotise (safe; 3% risk of failure)
Confirm with . or Enter, or press ? or * to list all spells.
You don't have enough magic to cast this spell.
Unknown command.
The hobgoblin barely misses your ball python skeleton.
Your kobold skeleton hits the hobgoblin.
The hobgoblin dies!
The ball python attacks as you move away!
The ball python bites you.
* * * LOW HITPOINT WARNING * * *
The ball python closely misses you.
The ball python attacks as you move away!
The ball python bites you.
* * * LOW HITPOINT WARNING * * *
The ball python barely misses you.
The ball python attacks as you move away!
The ball python bites you.
You die...

######## ##########.......
#####........Z[Z..... #######
#.........####.(..... #.....#
#.......Z.# ##†##.(. #.###.#
#.........# #.##...
#.+<'.#####.........## #.#?...
#.###.........@S....... #.#...!
#......###############....#....
######## ........ ##...... ##.
..


You could see a ball python (ally target) and a friendly ball python skeleton.

Vanquished Creatures
  A giant cockroach (D:1)
  A kobold (D:1)
  A ball python (D:1)
3 creatures vanquished.

Vanquished Creatures (collateral kills)
  A hobgoblin (D:1)
1 creature vanquished.

Grand Total: 4 creatures vanquished

Notes
Turn   | Place    | Note
-------+----------+-------------------------------------------
     0 | D:1      | mathmaestro the Demonspawn Necromancer began the quest for
                  | the Orb.
     0 | D:1      | Reached XP level 1. HP: 13/13 MP: 3/3
   202 | D:1      | Slain by a ball python

Illustrated notes

Levels and vault maps discovered:
D:1:      dpeg_arrival_tiny_d, layout_rooms, ebering_ecumenical_altar_mist

Action                   || total
-------------------------++-------
Melee: Club              ||     1
 Cast: Necrotise         ||     6
Armor: Robe              ||     4
Dodge: Dodged            ||    21
